Map: Central Protocol

Players

WhaleTail (TooDming) - Winner!

  • Race: Zerg Zerg
  • League: Master

真腥鎮的洨智

  • Race: Zerg Zerg
  • League: Master

Event: NationWars III

VOD

Have the link to the VOD?

Description

Time

  • Played on: Dec. 3, 2015, 1:59 p.m.
  • Length: 6:17
Show
View Real Time Build Order
Export as new Build Order

WhaleTail Zerg - Winner!

Build Orders: Pool Only, Zergling Baneling 

Get SALT Encoding   

  12  0:01  Drone  
  13  0:14  Extractor  
  12  0:24  Spawning Pool  
  12  0:28  Drone  
  12  0:34  Drone  
  13  0:38  Drone  
  14  0:49  Overlord  
  14  1:12  Queen, Zergling x2  
  14  1:16  Metabolic Boost  
  17  1:21  Zergling x2  
  18  1:26  Zergling x2  
  18  1:29  Zergling x2  
  20  1:35  Zergling x2  
  21  1:44  Baneling Nest  
  21  1:46  Zergling x2  
  21  1:57  Overlord  
  20  2:06  Zergling x2  
  21  2:21  Zergling x8  
  25  2:34  Baneling  
  25  2:44  Zergling x4  
  27  2:50  Overlord  
  26  2:54  Zergling x6  
  29  3:02  Baneling  
  29  3:03  Baneling x3  
  29  3:19  Zergling x4  
  29  3:35  Zergling x6  
  29  3:40  Zergling x2  
  29  3:53  Zergling x2  
  29  4:03  Baneling  
  29  4:08  Zergling x2  
  25  4:17  Zergling x4  
  25  4:22  Zergling x4  
  27  4:30  Baneling  
  26  4:31  Zergling x2  
  26  4:35  Baneling x3  
  26  4:38  Zergling x2  
  27  4:40  Baneling x2  
  27  4:48  Baneling  
  27  4:50  Zergling x2  
  27  4:52  Baneling  
  28  4:59  Zergling x2  
  28  5:00  Zergling x4  
  28  5:03  Zergling x2  
  27  5:12  Baneling x2  
  27  5:13  Zergling x2  
  28  5:25  Zergling x2  
  28  5:28  Zergling x4  
  29  5:29  Baneling  
  29  5:30  Zergling x2  
  30  5:42  Zergling x2  
  30  5:46  Baneling x2  
  30  5:49  Zergling x2  
  28  5:56  Zergling x2  
  29  5:58  Zergling x4  
Show
View Real Time Build Order
Export as new Build Order

真腥鎮的洨智 Zerg 

Build Orders: Pool First, Zergling Baneling 

Get SALT Encoding   

  12  0:01  Drone  
  13  0:08  Drone  
  14  0:16  Extractor  
  13  0:27  Spawning Pool  
  12  0:32  Drone  
  13  0:38  Drone  
  14  0:47  Overlord  
  14  1:14  Zergling x6  
  14  1:16  Metabolic Boost  
  17  1:24  Queen  
  19  1:31  Zergling x2  
  20  1:39  Baneling Nest  
  19  1:47  Zergling x2  
  19  1:48  Zergling x2  
  21  1:58  Zergling x2  
  22  2:08  Overlord  
  22  2:23  Baneling  
  22  2:24  Baneling  
  22  2:27  Drone  
  24  2:30  Drone  
  24  2:33  Spine Crawler  
  24  2:35  Baneling  
  23  2:39  Drone x2  
  25  2:51  Zergling x4  
  24  3:01  Zergling x2  
  24  3:04  Queen  
  27  3:16  Baneling  
  26  3:20  Zergling x2  
  26  3:21  Zergling x4  
  29  3:33  Zergling x2  
  28  3:38  Zergling x2  
  27  3:46  Zergling x2  
  27  3:55  Baneling x2  
  24  3:58  Zergling x2  
  24  4:10  Zergling x2  
  24  4:14  Hatchery, Zergling x2  
  24  4:15  Zergling x2  
  25  4:22  Zergling x4  
  25  4:29  Baneling x2  
  24  4:37  Zergling x2  
  25  4:51  Drone x3  
  25  4:52  Drone  
  17  5:08  Drone  
  17  5:09  Baneling x2  
  18  5:16  Baneling x2  
  18  5:17  Zergling x2  
  19  5:25  Zergling x2  
  19  5:28  Zergling x2  
  19  5:37  Baneling  
  19  5:38  Zergling x2  
  19  5:39  Zergling x2  
  19  5:42  Zergling x2  
  22  5:46  Baneling  
  18  5:56  Zergling x2  
Tags
 
Add a new tag
Caveats
  • Supply blocks, unpowered buildings, or Contaminate may cause inaccurate times.
  • Supply counts are checked every 10 seconds.